cohdb
Replays
Latest Replays
All Replays
Popular Replays
Top Player Replays
Match Explorer
How It Works
Community
CoH3 Stats
Reddit
Sign in to upload your games and track your stats! →
Sign in with Steam
Match 41092641
Unlisted
Match 41092641
Overview
Messages
Build Orders
End
Engineer Squad
Construct Barracks
Selects Advanced Infantry Battlegroup
Riflemen Squad
1⁄4-ton 4x4 Truck
Infantry Support Center
Selects Convert to Ranger Squad
Convert to Ranger Squad
Construct Motor Pool
M8 Greyhound Armored Car
Construct Medical Station
Ranger Squad
Selects Frontline Medical Station
Selects Artillery Observers
M1 Anti-tank Gun Team
M1 Anti-tank Gun Team
M24 Chaffee Light Tank
Selects Infantry Assault
Infantry Assault
Advanced Logistics
AI Takeover
Para_Dilshan
Dont_kill_me
mntahoe
NiñoPozol
2StrokeColdSmoke
SwiftLans
0
0
Comments
sign in to comment!
No comments posted yet!